 Dungeon Crawl Stone Soup version 0.21-a0-529-g8c7b3f5 (webtiles) character file.

33 KristoblXynda the Charmwright (level 3, -3/36 HPs)
             Began as an Ogre Skald on Dec 10, 2017.
             Slain by a worm (7 damage)
             ... on level 2 of the Dungeon.
             The game lasted 00:01:51 (1754 turns).

KristoblXynda the Charmwright (Ogre Skald)          Turns: 1754, Time: 00:01:52

Health: -3/36      AC:  3    Str: 15    XL:     3   Next: 29%
Magic:  6/6        EV: 10    Int: 15    God:
Gold:   54         SH:  0    Dex:  8    Spells: 5/6 levels left

rFire    . . .     SeeInvis .   e - +0 club
rCold    . . .     Gourm    .   (no shield)
rNeg     . . .     Faith    .   b - +0 robe
rPois    .         Spirit   .   (helmet restricted)
rElec    .         Reflect  .   (no cloak)
rCorr    .         Harm     .   (gloves unavailable)
MR       .....                  (boots unavailable)
Stlth    +.........             (no amulet)
HPRegen  0.12/turn              (no ring)
MPRegen  0.10/turn              (no ring)

@: no status effects
A: large, unfitting armour, tough skin 1
a: no special abilities


You were on level 2 of the Dungeon.
You were near starving.

You visited 1 branch of the dungeon, and saw 2 of its levels.

You collected 54 gold pieces.

Inventory:

Hand Weapons
 a - a +0 mace
 e - a +0 club (weapon)
Armour
 b - a +0 robe (worn)
Scrolls
 f - a scroll of immolation {unknown}
Potions
 g - a potion of heal wounds {unknown}
Books
 c - a book of Battle

   Spells                             Type                      Level
   a - Infusion                       Charms                       1
   b - Shroud of Golubria             Charms/Translocation         2
   c - Song of Slaying                Charms                       2
   d - Spectral Weapon                Hexes/Charms                 3
   e - Regeneration                   Charms/Necromancy            3
Comestibles
 d - 3 bread rations


   Skills:
 - Level 2.6 Fighting
 * Level 2.6 Maces & Flails
 + Level 2.5 Dodging
 - Level 2.4 Spellcasting
 + Level 3.0 Charms


You had 5 spell levels left.
You knew the following spells:

 Your Spells              Type           Power        Failure   Level  Hunger
a - Infusion              Chrm           ##..         6%          1    #......


Dungeon Overview and Level Annotations

Branches:
Dungeon (2/15)

Altars:


Innate Abilities, Weirdness & Mutations

You are too large for most types of armour.
You have tough skin. (AC +1)


Message History

The worm is severely wounded.
The worm bites you.
You hit the worm.
The worm is severely wounded.
You barely miss the worm.
The worm is severely wounded.
The worm barely misses you.
You hit the worm but do no damage.
The worm is severely wounded.
You completely miss the worm.
The worm is severely wounded.
The worm bites you!
* * * LOW HITPOINT WARNING * * *
You hit the worm.
The worm is severely wounded.
The worm closely misses you.
Found 18 gold pieces.
Found a stone staircase leading down.
Found 13 gold pieces.
The worm bites you!
You die...

##### #...# #...#
#...#
.######.<.#########
........@..........
........w......###
...........#####
...##.#....# ..
#.#......# #
##..#..#..#
#.........#
#..##.....$.
#.......#.#.


You could see a worm.

Vanquished Creatures
  An ooze (D:1)
  A dart slug (D:1)
  A leopard gecko (D:1)
  5 bats (D:1)
  A giant cockroach (D:1)
  3 goblins (D:1)
  7 hobgoblins (D:1)
  A frilled lizard (D:1)
  3 kobolds (D:1)
  2 rats (D:1)
25 creatures vanquished.

Notes
Turn   | Place    | Note
-------+----------+-------------------------------------------
     0 | D:1      | KristoblXynda the Ogre Skald began the quest for the Orb.
     0 | D:1      | Reached XP level 1. HP: 22/22 MP: 3/3
   474 | D:1      | Reached XP level 2. HP: 23/29 MP: 5/5
  1160 | D:1      | Reached skill level 3 in Charms
  1160 | D:1      | Reached XP level 3. HP: 19/36 MP: 6/6
  1754 | D:2      | Slain by a worm

Vault maps used:
D:1:      saegor_arrival_simple_e, serial_bayou_ford_a, hex_tiny,
          hangedman_decor_growths
D:2:      nicolae_overflow_crystal_walls, nicolae_overflow_hidden_temple,
          chequers_ecumenical_altar_island

Skill      XL: |  1  2 |
---------------+-------+-----
Maces & Flails | 2 |  2.6
Charms         | 3 |  3.0
Fighting       | |  2.6
Dodging        | |  2.5
Spellcasting   | |  2.4

Action                   || total
-------------------------++-------
Melee: Mace              ||    67
       Club              ||    62
  Eat: Chunk             ||     1
Armor: Robe              ||    36
Dodge: Dodged            ||    74

Table legend:
 A = Spawn XP
 B = Non-spawn XP
 C = Spawn XP percentage of total XP
 D = Spawn monster count
 E = Non-spawn monster count
 F = Spawn count percentage of total count
 G = Total turns spent on level
                    A         B        C        D         E        F      G
               +---------+---------+-------+---------+---------+-------+---------
         Total |       0 |      48 |   0.0 |       0 |      25 |   0.0 |  1754
               +---------+---------+-------+---------+---------+-------+---------
           D:1 |       0 |      48 |   0.0 |       0 |      25 |   0.0 |  1717
               +---------+---------+-------+---------+---------+-------+---------
